 Dungeon Crawl Stone Soup version 0.29-a0-870-g2c972031a6 (webtiles) character file.

Game seed: 1073549863311516425

94 reriks the Shooter (level 4, -7/28 HPs)
             Began as a Kobold Hunter on July 18, 2022.
             Mangled by an ogre
             ... wielding a +0 giant club
              (18 damage)
             ... on level 4 of the Dungeon.
             The game lasted 00:03:04 (3100 turns).

reriks the Shooter (Kobold Hunter)                  Turns: 3100, Time: 00:03:05

Health: -7/28      AC: 13    Str:  8    XL:     4   Next: 94%
Magic:  4/4        EV:  5    Int: 10    God:
Gold:   191        SH:  0    Dex: 20    Spells: 3/3 levels left

rFire   + + .      SeeInvis .   a - +0 shortbow
rCold   x . .      Faith    .   (shield currently unavailable)
rNeg    . . .      Spirit   .   g - +4 chain mail of the Farrier {rPois rF++ rC- rCorr}
rPois   +          Reflect  .   (no helmet)
rElec   .          Harm     .   (no cloak)
rCorr   +          Rampage  .   q - +0 pair of gloves
Will    .....                   (no boots)
Stlth   +.........              n - amulet of the acrobat
HPRegen 0.09/turn               (no ring)
MPRegen 0.09/turn               (no ring)

@: no status effects
A: small, no large weapons, nightstalker 3
a: no special abilities


You were on level 4 of the Dungeon.
You visited 1 branch of the dungeon, and saw 4 of its levels.

You collected 191 gold pieces.

Inventory:

Hand Weapons
 a - a +0 shortbow (weapon)
Armour
 c - a +0 leather armour
 g - the +4 chain mail of the Farrier (worn) {rPois rF++ rC- rCorr}
   (You acquired it on level 4 of the Dungeon)

   rF:        It greatly protects you from fire.
   rC:        It makes you vulnerable to cold.
   rPois:     It protects you from poison.
   rCorr:     It protects you from acid and corrosion.
 l - a scarf of shadows
 m - a scarf of shadows
 q - a +0 pair of gloves (worn)
Jewellery
 n - an amulet of the acrobat (around neck)
 u - a ring of fire
 v - a ring of magical power
 w - a +6 ring of strength
Scrolls
 b - a scroll of immolation
 d - a scroll of amnesia
 i - 2 scrolls of noise
 j - a scroll of blinking
 p - a scroll of summoning {unknown}
 s - a scroll of identify {unknown}
Potions
 e - a potion of mutation {unknown}
 f - a potion of lignification {unknown}
 h - a potion of brilliance {unknown}
 o - a potion of magic {unknown}
 r - a potion of invisibility {unknown}
 t - a potion of curing {unknown}


   Skills:
 + Level 3.0 Fighting
 * Level 6.4 Ranged Weapons
 + Level 3.2 Dodging
 + Level 3.0 Stealth


You had 3 spell levels left.
You didn't know any spells.
Your spell library contained the following spells:

 Spells                   Type           Power      Damage    Failure   Level
 Beastly Appendage        Tmut           0%         N/A       100%        1
 Blink                    Tloc           0%         N/A       100%        2
 Wereblood                Tmut           0%         N/A       100%        2
 Lesser Beckoning         Tloc           0%         N/A       100%        3
 Spider Form              Tmut/Pois      0%         N/A       100%        3
 Manifold Assault         Tloc           0%         N/A       100%        5


Dungeon Overview and Level Annotations

Branches:
Dungeon (4/15)
 Temple: D:4-7

Altars:


Innate Abilities, Weirdness & Mutations

You are small and have problems with some larger weapons.
You are completely attuned to the shadows.


Message History

g - the +4 chain mail of the Farrier {rPois rF++ rC- rCorr} You start removing your armour.
You continue taking off your +0 leather armour. x4
You finish taking off your +0 leather armour.
You start putting on your armour.
You continue putting on the +4 chain mail of the Farrier {rPois rF++ rC- rCorr}. x2
Keep equipping yourself?
You stop putting on your armour.
You climb upwards.
There is a stone staircase leading down here.
You start putting on your armour.
You continue putting on the +4 chain mail of the Farrier {rPois rF++ rC- rCorr}. x4
You finish putting on the +4 chain mail of the Farrier {rPois rF++ rC- rCorr}.
You climb downwards.
The kobold shouts!
The kobold hits you but does no damage.
There is a stone staircase leading up here.
You shoot an arrow. The arrow misses the kobold.
The kobold hits you but does no damage. The hobgoblin hits you.
The kobold hits you but does no damage.
The hobgoblin hits you but does no damage.
You shoot an arrow. The arrow closely misses the kobold.
The kobold hits you but does no damage.
The hobgoblin hits you but does no damage.
An ogre comes into view. It is wielding a +0 giant club.
The kobold hits you but does no damage.
The hobgoblin hits you but does no damage.
You shoot an arrow. The arrow hits the kobold.
The kobold is severely wounded.
The kobold hits you but does no damage.
The hobgoblin hits you but does no damage.
The kobold hits you but does no damage.
The hobgoblin hits you but does no damage.
The ogre hits you with a +0 giant club!
You shoot an arrow. The arrow closely misses the kobold.
An orc comes into view. It is wielding a +0 dagger.
The kobold hits you but does no damage. The hobgoblin hits you.
The ogre hits you with a +0 giant club!!
Ouch! That really hurt!
You die...

**,,,,,,,***,,,,**,*,,,
*,,,>,*,***,,,,,,*,,,,,
*,,,,,****,,,,,,,,,,,,,
*,,,,,,,,,,,***,,,,,,,,
*,....o#*,*,,,,,,,,,,,,
**.....#*****,*,,,,,,,,
**....# ****,,,,,,,
**,#..## *****,,,,,,,,
*,,#K@g#**,,,,,,,,,,,,
*#...O#....,,,,,,,,,,,,
***
*...###.###**,,,,,,,,,,
**,****...,*,.#
*,,*,,,,,,,,
*,,,*,,..,,,,##
**,**,,,,,,,
**,,,,,,,,,,,,,*
*,**,*,,,,,
*,,,,,,,,,,,,,**
*,****,**,,
**,,,,,,,,,,,,,,***
*,********,
*,,,,,,,,,,,,,,,*,*
*,,,,,,,,,,


You could see an ogre, an orc, a hobgoblin and a kobold.

Vanquished Creatures
  3 adders (D:2)
  2 worms (D:2)
  8 endoplasms
  5 giant cockroaches
  5 goblins
  7 hobgoblins
  2 quokkas
  3 ball pythons
  9 bats
  2 frilled lizards (D:1)
  3 kobolds
  9 rats
58 creatures vanquished.

Notes
Turn   | Place    | Note
-------+----------+-------------------------------------------
     0 | D:1      | reriks the Kobold Hunter began the quest for the Orb.
     0 | D:1      | Reached XP level 1. HP: 12/12 MP: 1/1
   251 | D:1      | Reached XP level 2. HP: 18/18 MP: 2/2
   555 | D:1      | Reached XP level 3. HP: 22/22 MP: 3/3
   657 | D:1      | Found a faded altar of an unknown god.
  1301 | D:2      | Reached skill level 6 in Ranged Weapons
  1319 | D:2      | Reached XP level 4. HP: 27/27 MP: 4/4
  3047 | D:4      | Noticed an ice beast
  3079 | D:4      | Identified a scroll of acquirement
  3079 | D:4      | Acquired the +4 chain mail of the Farrier {rPois rF++ rC-
                  | rCorr}
  3098 | D:4      | Noticed an ogre
  3100 | D:4      | Mangled by an ogre

Illustrated notes

Levels and vault maps discovered:
D:1:      scummos_arrival_star, layout_loops_ring,
          ebering_ecumenical_altar_rust, amcnicky_mini_pool_small
D:2:      layout_rooms, st_stairs_5, minmay_pentomino_p4
D:3:      layout_rooms
D:4:      layout_cave_pools, mainiacjoe_overflow_concentric_impassable,
          gammafunk_ghost_nasty_kobolds, minmay_bent, uniq_ijyb

Skill      XL: |  1  2  3  4 |
---------------+-------------+-----
Stealth        | 2 3 |  3.0
Ranged Weapons | 6 |  6.4
Dodging        | 3 |  3.2
Fighting       | 3 |  3.0

Action                   |  1- 3 |  4- 6 || total
-------------------------+-------+-------++-------
 Fire: Shortbow          |    69 |    87 ||   156
  Use: Scroll            |       |     5 ||     5
Armor: Leather armour    |     1 |     8 ||     9
       Chain mail        |       |    13 ||    13
Dodge: Dodged            |    13 |    34 ||    47

Table legend: (Time is in decaauts)
 A = Elapsed time spent in this place.
 B = Non-inter-level travel time spent in this place.
 C = Inter-level travel time spent in this place.
 D = Time resting spent in this place.
 E = Time spent auto-exploring this place.
 F = Levels seen in this place.
 G = Mean time per level.
                   A        B        C        D        E       F      G
               +--------+--------+--------+--------+--------+-----+--------+
         Total |   3141 |   3072 |     69 |   1108 |   1599 |   4 |  785.2 |
       Dungeon |   3141 |   3072 |     69 |   1108 |   1599 |   4 |  785.2 |
               +--------+--------+--------+--------+--------+-----+--------+

Top non-repeatable levels by time:
     D:2: 1379 daAuts
     D:1: 1147 daAuts
     D:3: 588 daAuts
     D:4: 26 daAuts
